AoeStats
← DarthOcelot

African Clearing

510596359Analyzed
4v4 RM · 1d ago on Oct 1, 2026· 50m 30s· 8 players
Game mode
Random Map
Map size
Large (8 player)
Population
200
Speed
Normal
Resources
Standard
Victory
Conquest
Starting age
Dark Age
Ending age
Imperial Age
RankedLock teamsTeams togetherTeam positionsShared explorationLock speedFull tech treeHidden civsTurbo modeCheats
Victory
Defeat
🇮🇳 Poles · India
1424
+15
🇪🇸 Aztecs · Spain
1416
+15
🇷🇴 Georgians · Romania
1409
+15
🇮🇹 Vikings · Italy
1376
+17
🇸🇮 Jurchens · Slovenia
1503
-19
🇧🇦 Bengalis · Bosnia & Herzegovina
1473
-18
🇷🇸 Huns · Serbia
1427
-17
🇷🇸 Gurjaras · Serbia
1187
-8
dekster
4:53 Loom
13:18 Feudal Age
14:56 Double-Bit Axe
19:37 Bloodlines
22:47 Castle Age
21:37 Scale Barding Armor
21:38 Gold Mining
24:21 Chain Barding Armor
25:00 Forging
27:33 Light Cavalry
32:36 Husbandry
33:17 Wheelbarrow
41:47 Kshatriyas
42:36 Fletching
45:39 Bodkin Arrow
eXvision
3:30 Loom
4:20 Loom
14:05 Feudal Age
16:06 Double-Bit Axe
17:46 Bloodlines
17:49 Scale Barding Armor
17:54 Forging
31:59 Castle Age
29:44 Horse Collar
29:59 Gold Mining
34:20 Wheelbarrow
33:30 Town Watch
34:51 Light Cavalry
35:33 Husbandry
36:53 Iron Casting
36:16 Stone Mining
37:05 Chain Barding Armor
36:37 Fletching
38:12 Bow Saw
41:04 Chain Barding Armor
41:10 Heavy Plow
41:44 Fletching
43:05 Bodkin Arrow
SaleMajstor
6:36 Loom
14:10 Feudal Age
15:16 Double-Bit Axe
17:53 Castle Age
19:12 Bow Saw
21:41 Horse Collar
24:55 Pikeman
30:11 Fletching
34:36 Forging
34:50 Scale Mail Armor
37:50 Ballistics
37:26 Bodkin Arrow
37:46 Squires
42:51 Iron Casting
45:38 Imperial Age
44:33 Arson
45:30 Wheelbarrow
45:13 Gold Mining
46:35 Halberdier
51:17 Gold Shaft Mining
AgeOfEmperor
11:14 Loom
13:17 Feudal Age
17:53 Horse Collar
26:41 Castle Age
25:16 Bloodlines
29:05 Wheelbarrow
29:18 Pikeman
30:22 Scale Barding Armor
34:58 Double-Bit Axe
36:08 Fletching
36:19 Husbandry
38:08 Bodkin Arrow
40:58 Ballistics
47:11 Scale Mail Armor
49:26 Bow Saw
[KBRA] Carrascorno
5:51 Loom
13:03 Feudal Age
17:42 Castle Age
16:13 Double-Bit Axe
17:35 Horse Collar
18:18 Town Watch
37:26 Squires
38:33 Scale Mail Armor
38:49 Arson
39:48 Forging
40:23 Gold Mining
41:24 Bow Saw
43:17 Chain Mail Armor
43:12 Heavy Plow
49:39 Imperial Age
48:14 Iron Casting
49:51 Elite Jaguar Warrior
51:03 Plate Mail Armor
51:12 Conscription
FreakinGorkha
13:42 Feudal Age
12:01 Loom
13:47 Feudal Age
17:47 Castle Age
16:11 Double-Bit Axe
16:07 Horse Collar
17:16 Bloodlines
17:49 Light Cavalry
18:31 Husbandry
25:51 Scale Barding Armor
25:55 Stone Mining
29:58 Scale Mail Armor
30:11 Forging
31:31 Chain Barding Armor
34:46 Szlachta Privileges
36:58 Iron Casting
40:13 Wheelbarrow
49:29 Imperial Age
50:02 Winged Hussar
DarthOcelot
8:39 Loom
11:27 Feudal Age
12:03 Double-Bit Axe
12:40 Horse Collar
16:07 Forging
25:23 Castle Age
24:08 Bloodlines
26:03 Scale Barding Armor
32:08 Gold Mining
32:30 Bow Saw
32:15 Stone Mining
37:01 Heavy Plow
38:32 Wheelbarrow
39:24 Chain Barding Armor
40:24 Husbandry
44:08 Imperial Age
43:57 Fletching
44:35 Guard Tower
46:06 Plate Barding Armor
46:16 Ballistics
46:38 Svan Towers
47:34 Crop Rotation
47:26 Conscription
49:13 Iron Casting
49:51 Hand Cart
49:21 Town Watch
51:03 Keep
51:29 Chemistry
50:41 Masonry
GdR_Salinaro
12:11 Feudal Age
12:50 Man-at-Arms
13:38 Arson
15:57 Loom
21:01 Castle Age
20:32 Double-Bit Axe
21:19 Stone Mining
22:58 Bow Saw
27:54 Fletching
29:16 Horse Collar
29:28 Town Watch
30:13 Heavy Plow
32:28 Gold Mining
33:15 Scale Mail Armor
33:25 Forging
34:36 Bodkin Arrow
34:57 Chain Mail Armor
41:22 Imperial Age
40:58 Gold Shaft Mining
41:27 Long Swordsman
42:08 Squires
41:29 Pikeman
41:38 Elite Varangian Guard
43:27 Plate Mail Armor
43:32 Iron Casting
43:50 Conscription
44:05 Bracer
44:44 Capped Ram
47:19 Blast Furnace
46:27 Chieftains
50:28 Crop Rotation
51:04 Two-Man Saw
Connection lost

Rejoining the realm…

Still unreachable

The connection could not be restored.

Session expired

The server has moved on; the page needs a fresh start.